 Dungeon Crawl Stone Soup version 0.30.1-9-gdf580d7c3d (webtiles) character file.

Game seed: 18118189569472147067

7045 Ijustatesigmund the Geomancer (level 11, -8/93 HPs)
             Began as a Gargoyle Earth Elementalist on Oct 6, 2023.
             Mangled by a flying skull (9 damage)
             ... in a Gauntlet.
             The game lasted 00:22:54 (13105 turns).

Ijustatesigmund the Geomancer (GrEE)               Turns: 13105, Time: 00:22:55

Health: -8/93      AC: 19    Str: 12    XL:     11   Next: 9%
Magic:  20/21      EV: 11    Int: 20    God:
Gold:   706        SH:  0    Dex: 10    Spells: 17/24 levels left

rFire   . . .        j - +4 flail (holy)
rCold   . . .        (no shield)
rNeg    + . .        a - +1 robe
rPois   ∞            g - +2 helmet
rElec   +            (no cloak)
rCorr   +            B - +0 pair of gloves {Stlth+}
SInv    .            (no boots)
Will    .....        (no amulet) Stlth
                     i - +4 ring of protection
HPRegen 0.35/turn    s - ring "Ryusaess" {Fly rPois rCorr Slay+2}
MPRegen 0.17/turn

%: no teleportation
@: berserking, flying, very quick
A: sickness immunity, AC +8, negative energy resistance 1, electricity
resistance, torment resistance 1, petrification resistance
a: no special abilities


You were in a Gauntlet.
You visited 2 branches of the dungeon, and saw 12 of its levels.
You also visited: Sewer and Gauntlet.

You collected 706 gold pieces.

Inventory:

Hand Weapons
 c - the +6 Majin-Bo {spellvamp, MP+6 Int+6}
   (You acquired it on level 6 of the Dungeon)

   Int:       It affects your intelligence (+6).
   MP:        It affects your magic capacity (+6).
 j - a +4 flail of holy wrath (weapon)
Missiles
 z - a throwing net
Armour
 a - a +1 robe (worn)
 g - a +2 helmet (worn)
 y - a +0 kite shield
 B - a +0 pair of gloves of stealth (worn)
Magical Staves
 u - a staff of conjuration
Jewellery
 i - a +4 ring of protection (left hand)
 q - a +6 ring of dexterity
 s - the ring "Ryusaess" (right hand) {Fly rPois rCorr Slay+2}
   (You acquired it on level 6 of the Dungeon)

   [ring of resist corrosion]

   Slay:      It affects your accuracy & damage with ranged weapons and melee
   (+2).
   rPois:     It protects you from poison.
   Fly:       It grants you flight.
   rCorr:     It protects you from acid and corrosion.
Wands
 r - a wand of mindburst (22)
 t - a wand of iceblast (10)
Scrolls
 d - 10 scrolls of teleportation
 k - 2 scrolls of magic mapping
 p - 3 scrolls of blinking
 F - a scroll of immolation
Potions
 b - 2 potions of magic
 e - 3 potions of haste
 f - 4 potions of curing
 h - a potion of ambrosia
 l - a potion of might
 m - 3 potions of heal wounds
 n - a potion of invisibility
 o - 2 potions of flight
 v - a potion of mutation
 w - 2 potions of berserk rage
 x - a potion of lignification {unknown}
 A - 3 potions of attraction
 C - a potion of cancellation {unknown}
 D - 3 potions of resistance {unknown}


   Skills:
 + Level 4.9 Fighting
 - Level 3.3(4.5) Maces & Flails
 - Level 4.6(5.1) Staves
 - Level 1.5 Dodging
 - Level 2.1 Stealth
 + Level 7.0 Spellcasting
 + Level 7.5 Conjurations
 - Level 4.6 Transmutations
 - Level 4.4 Air Magic
 + Level 8.7 Earth Magic
 - Level 3.1 Evocations


You had 17 spell levels left.
You knew the following spells:

 Your Spells              Type           Power      Damage    Failure   Level
a - Sandblast             Erth           82%        2d17      1%          1
b - Stone Arrow           Conj/Erth      78%        3d11      1%          3
c - Mephitic Cloud        Conj/Pois/Air  23%        N/A       5%          3

Your spell library contained the following spells:

 Spells                   Type           Power      Damage    Failure   Level
 Magic Dart               Conj           100%       1d8       1%          1
 Passwall                 Tmut/Erth      27%        N/A       1%          2
 Petrify                  Tmut/Erth      33%        N/A       6%          4
 Apportation              Tloc           14%        N/A       10%         1
 Necrotise                Necr           28%        1d5       10%         1
 Summon Small Mammal      Summ           28%        N/A       10%         1
 Call Imp                 Summ           14%        N/A       14%         2
 Passage of Golubria      Tloc           7%         N/A       67%         4
 Silence                  Hex/Air        7%         N/A       71%         5
 Lehudib's Crystal Spear  Conj/Erth      19%        10d6      100%        8


Dungeon Overview and Level Annotations

Branches:
Dungeon (11/15)            Temple (1/1) D:5            Lair (0/5) D:8
  Sewer (visited)         Gauntlet (1/1)
    Orc: D:9-12

Altars:
Ashenzari
Cheibriados
Dithmenos
Elyvilon
Fedhas
Gozag
Hepliaklqana
Kikubaaqudgha
Makhleb
Nemelex Xobeh
Okawaru
Qazlal
Ru
Sif Muna
Trog
Uskayaw
Wu Jian
Xom
Yredelemnul
Zin
The Shining One

Shops:
D:5 :   D:9 =

Annotations:
D:7 2 transporters, ongoing's ghost, novice DEIE Gauntlet 7 transporters


Innate Abilities, Weirdness & Mutations

You are immune to sickness and miasma.
Your stone body is resilient. (AC +8)
You are immune to poison.
You resist negative energy. (rN+)
You are resistant to electric shocks. (rElec)
You are resistant to unholy torment.
You are immune to petrification.


Message History

The flying skull hits you but does no damage.
The flying skull misses you.
The flying skull hits you but does no damage.
The flying skull hits you.
A red film seems to cover your vision as you go berserk!
You feel yourself moving faster!
You feel mighty!
The flying skull hits you but does no damage.
The flying skull barely misses you.
The flying skull hits you but does no damage.
The flying skull hits you!
You hit the flying skull.
The flying skull convulses.
The flying skull is almost destroyed.
The flying skull hits you but does no damage.
The flying skull closely misses you. The flying skull hits you.
You barely miss the flying skull.
The flying skull is almost destroyed.
The flying skull hits you. The flying skull hits you!
* * * LOW HITPOINT WARNING * * *
The flying skull hits you but does no damage.
The flying skull hits you.
* * * LOW HITPOINT WARNING * * *
The flying skull hits you but does no damage.
You sock the flying skull!
You destroy the flying skull!
The flying skull hits you but does no damage.
The flying skull hits you.
* * * LOW HITPOINT WARNING * * *
Your Spellcasting skill increases to level 7!
You closely miss the flying skull.
The flying skull hits you but does no damage.
The flying skull hits you.
* * * LOW HITPOINT WARNING * * *
You barely miss the flying skull. The flying skull hits you.
* * * LOW HITPOINT WARNING * * *
The flying skull hits you.
* * * LOW HITPOINT WARNING * * *
You thump the flying skull!
The flying skull convulses!
The flying skull is severely damaged.
The flying skull hits you!
You die...

.........§§§..#.©.#.....#8#
........≈8≈...#...#.8...###
.........≈....#.©.#.....#
########...###########..###
##545..#.8.#.........#..#8#
#..##..#...#.........#..###
###.^......^#..#
.#.#.#.#...#.....z...#..###
.#©#.#.#©.©#....@z...#..#8#
4#.#.#.#...#.........#..###
#5##.#.#####....^....#..#
###.##3#...#.......^.#..###
...##©##.8.#....©=?..#..#8#
########...###########..###
........................#
.......................≈#
#########################


You could see 2 flying skulls.

Vanquished Creatures
  Gastronok (D:8)
  A catoblepas (Gauntlet)
  A gargoyle (Gauntlet)
  The ghost of Quickbrownfox the Conjurer, a novice DsCj (D:6)
  A hornet (D:6)
  Sigmund (D:2)
  A flying skull (Gauntlet)
  A shadow (D:9)
  2 centaur simulacra (Gauntlet)
  A wyvern (D:9)
  5 yaks
  A steam dragon (D:6)
  Menkaure (D:4)
  3 acid dragons
  An ice beast (D:6)
  3 black bears
  An orc warrior (D:9)
  A centaur (D:7)
  An ogre (D:6)
  A kobold brigand (Sewer)
  A bullfrog (D:6)
  A gnoll sergeant (D:9)
  2 scorpions (D:6)
  4 wights (D:9)
  A hornet simulacrum (Gauntlet)
  7 killer bees (D:8)
  A howler monkey (D:8)
  A hound (D:5)
  A gnoll bouda (D:7)
  3 orc priests
  4 sleepcaps
  A jelly (D:6)
  4 iguanas
  Jessica (D:2)
  Terence (D:2)
  3 orc wizards
  Ijyb (D:3)
  12 gnolls
  5 adders
  A river rat (D:6)
  A shadow imp (D:6)
  7 worms
  3 dart slugs
  39 orcs
  16 ball pythons
  3 bats (D:3)
  8 endoplasms
  5 giant cockroaches
  8 goblins
  5 hobgoblins (D:3)
  3 jackals (Sewer)
  11 kobolds
  5 quokkas
  4 frilled lizards
  11 rats
213 creatures vanquished.

Vanquished Creatures (others)
  An orc (D:4)
  A quokka (D:4)
  A ball python (D:4)
3 creatures vanquished.

Grand Total: 216 creatures vanquished

Notes
Turn   | Place    | Note
-------+----------+-------------------------------------------
     0 | D:1      | Ijustatesigmund the Gargoyle Earth Elementalist began the
                  | quest for the Orb.
     0 | D:1      | Reached XP level 1. HP: 10/10 MP: 3/3
   311 | D:1      | Reached XP level 2. HP: 16/16 MP: 3/5
   335 | D:1      | Found a faded altar of an unknown god.
   337 | D:1      | Reached skill level 1 in Fighting
   346 | D:1      | Reached skill level 4 in Earth Magic
   971 | D:1      | Reached XP level 3. HP: 20/20 MP: 4/6
  1251 | D:1      | Learned a level 3 spell: Stone Arrow
  1579 | D:2      | Noticed Terence
  1592 | D:2      | Killed Terence
  1593 | D:2      | Reached XP level 4. HP: 26/26 MP: 0/7
  1714 | D:2      | Reached skill level 1 in Maces & Flails
  1755 | D:2      | Noticed Jessica
  1758 | D:2      | Killed Jessica
  1759 | D:2      | Reached skill level 1 in Conjurations
  1894 | D:2      | Reached XP level 5. HP: 31/31 MP: 4/9
  2012 | D:2      | Noticed Sigmund
  2018 | D:2      | Killed Sigmund
  2019 | D:2      | Reached XP level 6. HP: 28/37 MP: 4/11
  2900 | D:3      | Noticed Ijyb
  2907 | D:3      | Killed Ijyb
  3332 | D:3      | Found an opulent altar of Gozag.
  3813 | D:4      | Noticed Menkaure
  3819 | D:4      | Killed Menkaure
  3820 | D:4      | Reached XP level 7. HP: 20/42 MP: 5/12
  4200 | D:4      | Found a white marble altar of Elyvilon.
  4815 | D:5      | Entered Level 5 of the Dungeon
  5432 | D:5      | Found Japsomn's Book Shop.
  5467 | D:5      | Found a staircase to the Ecumenical Temple.
  5476 | Temple   | Entered the Ecumenical Temple
  6152 | D:5      | Reached skill level 5 in Earth Magic
  6152 | D:5      | Reached XP level 8. HP: 48/48 MP: 7/14
  6226 | D:5      | Learned a level 3 spell: Mephitic Cloud
  6342 | D:6      | Identified a scroll of acquirement
  6342 | D:6      | Acquired the +6 Majin-Bo {spellvamp, MP+6 Int+6}
  6342 | D:6      | Found the +6 Majin-Bo {spellvamp, MP+6 Int+6}
  6367 | D:6      | Reached skill level 1 in Transmutations
  6586 | D:6      | Found a glowing drain.
  6622 | Sewer    | Entered a sewer
  6845 | Sewer    | Found a white marble altar of Elyvilon.
  7013 | D:6      | Reached skill level 1 in Staves
  7013 | D:6      | Reached skill level 1 in Air Magic
  7047 | D:6      | Noticed a hornet
  7052 | D:6      | Killed a hornet
  7053 | D:6      | Reached skill level 5 in Spellcasting
  7053 | D:6      | Reached skill level 5 in Conjurations
  7167 | D:6      | Reached skill level 6 in Earth Magic
  7233 | D:6      | You fall into a shaft and drop 1 floor!
  7272 | D:7      | Found a transporter.
  7273 | D:7      | Noticed a troll
  7275 | D:7      | Noticed ongoing's ghost (novice DEIE)
  7331 | D:7      | Found a transporter.
  7438 | D:6      | Found a runed translucent door.
  7440 | D:6      | Noticed Quickbrownfox's ghost (novice DsCj)
  7449 | D:6      | Killed Quickbrownfox's ghost
  7450 | D:6      | Reached XP level 9. HP: 39/52 MP: 5/17
  7630 | D:6      | Found an ancient bone altar of Kikubaaqudgha.
  7652 | D:6      | Acquired the ring "Ryusaess" {Fly rPois rCorr Slay+2}
  9580 | D:8      | Found a staircase to the Lair.
  9652 | D:8      | Reached skill level 7 in Earth Magic
  9976 | D:8      | Noticed Gastronok
  9987 | D:8      | Killed Gastronok
  9988 | D:8      | Reached skill level 1 in Evocations
  9988 | D:8      | Reached XP level 10. HP: 56/56 MP: 1/19
 11601 | D:9      | Reached skill level 8 in Earth Magic
 12039 | D:9      | Found Gimp's Jewellery Shoppe.
 12262 | D:9      | Found a glowing golden altar of the Shining One.
 12329 | D:10     | Entered Level 10 of the Dungeon
 12346 | D:10     | Found a sparkling altar of Nemelex Xobeh.
 12346 | D:10     | Found a bloodstained altar of Trog.
 12577 | D:10     | Found a glowing silver altar of Zin.
 12602 | D:11     | Found a gate leading to a gauntlet.
 12606 | D:11     | Noticed a boulder beetle
 12611 | Gauntlet | Entered a Gauntlet
 12611 | Gauntlet | Found a transporter.
 12611 | Gauntlet | Found a transporter.
 12611 | Gauntlet | Found a transporter.
 12630 | Gauntlet | Found a transporter.
 12630 | Gauntlet | Found the +0 mask of the Dragon {Will+ Slay+3 SInv}
 12634 | Gauntlet | Found a transporter.
 12637 | Gauntlet | Noticed a cyan ugly thing
 12638 | Gauntlet | Noticed a cyan ugly thing
 12640 | Gauntlet | Noticed a great orb of eyes
 12648 | Gauntlet | Found a transporter.
 12669 | Gauntlet | Found a transporter.
 12674 | Gauntlet | Found a transporter.
 12674 | Gauntlet | Noticed a rust devil
 12682 | Gauntlet | Found a transporter.
 12700 | Gauntlet | Found a transporter.
 12704 | Gauntlet | Noticed a gargoyle
 12706 | Gauntlet | Noticed a catoblepas
 12708 | Gauntlet | Found a transporter.
 12726 | Gauntlet | Found a transporter.
 12962 | Gauntlet | Killed a catoblepas
 12963 | Gauntlet | Reached XP level 11. HP: 39/62 MP: 15/21
 13104 | Gauntlet | HP: 1/93 [flying skull (6)]
 13105 | Gauntlet | Mangled by a flying skull

Illustrated notes

Levels and vault maps discovered:
D:1:      dpeg_arrival_pits, layout_basic, nicolae_ecumenical_snake_handling
D:2:      layout_basic, nicolae_wormholes, uniq_sigmund, uniq_terence,
          uniq_jessica
D:3:      layout_basic, grunt_gozag_breadcrumbs, corexii_corridor_pit,
          minivault_11, uniq_ijyb
D:4:      layout_loops_ring, elyvilon_altar_4, uniq_menkaure
D:5:      layout_basic, minmay_temple_entry_junction_2, serial_shops,
          nicolae_shop_rolling_square, corexii_hall_statues_x
D:6:      layout_rooms, kiku_gazebo_pond_becter, gup_sewer_entry_spiral,
          ebering_ghost_sewer_d
D:7:      layout_layer_cave, gammafunk_ghost_arena
D:8:      minmay_goldmine, layout_basic, lair_entry_dummy, uniq_gastronok
D:9:      layout_roguey, tso_altar, serial_shops, shop
D:10:     layout_big_octagon, mainiacjoe_overflow_chevrons,
          nicolae_overflow_hidden_temple, serial_co_window_serial,
          co_window_paths_b, co_window_corner_a, co_window_paths_b,
          co_window_corner_a, co_window_paths_b, co_window_broadway_c,
          co_window_2corner, co_window_unsneaky_path_c, co_window_2corner,
          glass_columns_a, glass_columns_a, glass_columns_a
D:11:     layout_basic, gauntlet_entry_generic
Temple:   minmay_temple_curvy_branch
Gauntlet: gammafunk_gauntlet_shortcut [nicolae_gauntlet_arena_quarters,
          gammafunk_gauntlet_arena_arrow_garden,
          gammafunk_gauntlet_arena_corners, nicolae_gauntlet_arena_t_cross,
          gammafunk_gauntlet_arena_open, gammafunk_gauntlet_arena_spirals,
          gauntlet_exit_green]

Skill      XL: |  1  2  3  4  5  6  7  8  9 10 11 |
---------------+----------------------------------+-----
Fighting       | 1 2 3 4 |  4.9
Earth Magic    | 4 5 6 7 8 |  8.7
Maces & Flails | 1 2 3 |  3.3
Conjurations   | 1 2 3 4 5 6 7 |  7.5
Spellcasting   | 3 4 5 6 7 |  7.0
Transmutations | 2 3 4 |  4.6
Staves         | 2 4 |  4.6
Air Magic      | 2 3 4 |  4.4
Evocations     | 1 3 |  3.1
Dodging        | |  1.5
Stealth        | |  2.1

Action                     |  1- 3 |  4- 6 |  7- 9 | 10-12 || total
---------------------------+-------+-------+-------+-------++-------
  Melee: Unarmed           |     1 |       |       |       ||     1
         Flail             |       |       |     3 |    11 ||    14
         Bo                |       |       |    78 |    29 ||   107
         Punch             |       |       |     1 |     1 ||     2
   Cast: Sandblast         |    40 |    68 |    89 |     9 ||   206
         Stone Arrow       |     1 |     2 |    62 |    53 ||   118
         Mephitic Cloud    |       |       |       |     3 ||     3
  Evoke: Wand              |       |       |     3 |       ||     3
    Use: Scroll            |       |       |    24 |     3 ||    27
         Potion            |       |       |       |     3 ||     3
   Stab: Sleeping          |       |       |     1 |       ||     1
 Armour: Robe              |     2 |    11 |    62 |    41 ||   116
  Dodge: Dodged            |     2 |    16 |    79 |    42 ||   139
